 Dungeon Crawl Stone Soup version 0.30-a0-586-g23e55c9e0a (webtiles) character file.

Game seed: 14541370104238895481

88 Bnni the Vexing (level 4, -1/33 HPs)
             Began as a Formicid Hexslinger on Jan 3, 2023.
             Slain by a gnoll
             ... wielding a +0 whip
              (4 damage)
             ... on level 3 of the Dungeon.
             The game lasted 00:01:25 (1800 turns).

Bnni the Vexing (Formicid Hexslinger)               Turns: 1800, Time: 00:01:25

Health: -1/33      AC:  3    Str: 15    XL:     4   Next: 81%
Magic:  4/6        EV: 12    Int: 14    God:
Gold:   91         SH:  0    Dex: 14    Spells: 2/6 levels left

rFire   . . .      SeeInvis +    a - +1 sling
rCold   . . .      Faith    .    (no shield)
rNeg    . . .      Spirit   .    c - +0 robe
rPois   .          Reflect  .    (helmet unavailable)
rElec   .          Harm     .    k - +0 cloak
rCorr   .          Rampage  .    (no gloves)
Will    .....                    (no boots)
Stlth   +                        (no amulet)
HPRegen 0.25/turn                (no ring)
MPRegen 0.10/turn                (no ring)

@: very slightly contaminated
A: permanent stasis, dig shafts and tunnels, antennae 3, four strong arms
a: Dig, Shaft Self


You were on level 3 of the Dungeon.
You visited 1 branch of the dungeon, and saw 3 of its levels.

You collected 91 gold pieces.

Inventory:

Hand Weapons
 a - a +1 sling (weapon)
Armour
 c - a +0 robe (worn)
 k - a +0 cloak (worn)
Scrolls
 b - a scroll of poison
 g - 2 scrolls of torment {unknown}
 j - a scroll of butterflies {unknown}
 m - a scroll of amnesia {unknown}
Potions
 d - 2 potions of ambrosia {unknown}
 e - 3 potions of brilliance {unknown}
 f - 2 potions of haste {unknown}
 h - a potion of magic {unknown}
 i - a potion of lignification {unknown}
 l - a potion of degeneration {unknown}
 n - 2 potions of might {unknown}


   Skills:
 + Level 1.8 Fighting
 * Level 2.9 Ranged Weapons
 - Level 1.7 Dodging
 + Level 1.7 Spellcasting
 * Level 4.4 Hexes
 * Level 1.7 Fire Magic


You had 2 spell levels left.
You knew the following spells:

 Your Spells              Type           Power      Damage    Failure   Level
a - Slow                  Hex            52%        N/A       4%          1
b - Inner Flame           Hex/Fire       9%         N/A       21%         3

Your spell library contained the following spells:

 Spells                   Type           Power      Damage    Failure   Level
 Portal Projectile        Hex/Tloc       14%        N/A       30%         3
 Cause Fear               Hex            6%         N/A       36%         4


Dungeon Overview and Level Annotations

Branches:
Dungeon (3/15)

Altars:


Innate Abilities, Weirdness & Mutations

You cannot be hasted, slowed, berserked, paralysed or teleported.
You can dig through walls and to a lower floor.
You have a pair of large antennae on your head. (SInv)
Your four strong arms can wield two-handed weapons with a shield.


Message History

You shoot a sling bullet. The sling bullet hits the gnoll!
The gnoll is severely wounded.
You shoot a sling bullet.
The sling bullet hits the gnoll but does no damage.
The gnoll is severely wounded.
A gnoll comes into view. It is wielding a +0 whip.
A giant cockroach comes into view.
You shoot a sling bullet. The sling bullet hits the gnoll!
You kill the gnoll!
You shoot a sling bullet.
The sling bullet closely misses the gnoll.
You shoot a sling bullet.
The sling bullet closely misses the gnoll.
The gnoll misses you. The gnoll hits you with a +0 whip.
You shoot a sling bullet.
The sling bullet barely misses the gnoll.
The gnoll hits you with a +0 whip. The gnoll hits you with a +0 whip!
You shoot a sling bullet. The sling bullet hits the gnoll.
The gnoll is lightly wounded.
The gnoll hits you with a +0 whip. x2
* * * LOW HITPOINT WARNING * * *
Casting: Inner Flame (quite dangerous; 21% risk of failure)
Confirm with . or Enter, or press ? or * to list all spells.
Aiming: Slow (safe; 4% risk of failure)
Press: ? - help, Shift-Dir - straight line, f - gnoll, p - gnoll
Aim: a gnoll, wielding a +0 whip (chance to affect: 55%)
You miscast Slow.
You are very lightly contaminated with residual magic.
Nothing appears to happen.
The giant cockroach barely misses you. The gnoll hits you but does no damage.
The gnoll barely misses you.
Casting: Slow (safe; 4% risk of failure)
Confirm with . or Enter, or press ? or * to list all spells.
Aiming: Slow (safe; 4% risk of failure)
Press: ? - help, Shift-Dir - straight line, f/p - gnoll
Aim: a gnoll, wielding a +0 whip (chance to affect: 55%)
The gnoll resists with significant effort.
The giant cockroach closely misses you. The gnoll hits you with a +0 whip.
* * * LOW HITPOINT WARNING * * *
The gnoll hits you with a +0 whip.
You die...

.. ##...... ...
###....... ....
...#...
#..####......
#.........# .
##.<.#..# ..
#.......# ..$
........##.####
....
....#.##.....@g#
>.... ......
###.(B#g#......
......
###..........
.....
##......... ....
##......$.
###...... #####.
{


You could see 2 gnolls and a giant cockroach.

Vanquished Creatures
  An orc wizard (D:2)
  An adder (D:3)
  A gnoll (D:3)
  2 worms (D:2)
  A dart slug (D:2)
  2 orcs (D:2)
  A bat (D:1)
  3 endoplasms
  3 giant cockroaches
  3 goblins
  3 hobgoblins (D:1)
  2 jackals (D:1)
  A quokka (D:1)
  3 ball pythons
  2 frilled lizards (D:1)
  3 kobolds
  2 rats
34 creatures vanquished.

Vanquished Creatures (others)
  A plant (D:2)
1 creature vanquished.

Grand Total: 35 creatures vanquished

Notes
Turn   | Place    | Note
-------+----------+-------------------------------------------
     0 | D:1      | Bnni the Formicid Hexslinger began the quest for the Orb.
     0 | D:1      | Reached XP level 1. HP: 15/15 MP: 2/2
    53 | D:1      | Reached XP level 2. HP: 12/21 MP: 1/3
   139 | D:1      | Found a faded altar of an unknown god.
   535 | D:1      | Reached skill level 4 in Hexes
   597 | D:1      | Reached XP level 3. HP: 26/26 MP: 4/4
   601 | D:1      | Learned a level 3 spell: Inner Flame
   729 | D:1      | Reached skill level 1 in Fire Magic
  1044 | D:2      | Reached XP level 4. HP: 23/33 MP: 6/6
  1800 | D:3      | Slain by a gnoll

Illustrated notes

Levels and vault maps discovered:
D:1:      dpeg_arrival_arbitrary_b, layout_loops_cross,
          dreamdust_ecumenical_altar_hidden_monk_grotto, minmay_misc_feat_cross,
          minmay_misc_feat_x
D:2:      wad_lake_hut, layout_basic
D:3:      layout_rooms, grunt_temple_overflow_champion_of_chaos,
          mainiacjoe_overflow_alcove_2

Skill      XL: |  1  2  3 |
---------------+----------+-----
Hexes          | 4 |  4.4
Fire Magic     | 1 |  1.7
Fighting       | |  1.8
Ranged Weapons | |  2.9
Dodging        | |  1.7
Spellcasting   | |  1.7

Action                   |  1- 3 |  4- 6 || total
-------------------------+-------+-------++-------
 Fire: Sling             |    88 |    42 ||   130
 Cast: Slow              |     1 |     3 ||     4
Armor: Robe              |     4 |     4 ||     8
Dodge: Dodged            |    33 |    15 ||    48

Table legend: (Time is in decaauts)
 A = Elapsed time spent in this place.
 B = Non-inter-level travel time spent in this place.
 C = Inter-level travel time spent in this place.
 D = Time resting spent in this place.
 E = Time spent auto-exploring this place.
 F = Levels seen in this place.
 G = Mean time per level.
                   A        B        C        D        E       F      G
               +--------+--------+--------+--------+--------+-----+--------+
         Total |   1885 |   1770 |    115 |     21 |   1473 |   3 |  628.3 |
       Dungeon |   1885 |   1770 |    115 |     21 |   1473 |   3 |  628.3 |
               +--------+--------+--------+--------+--------+-----+--------+

Top non-repeatable levels by time:
     D:2: 1025 daAuts
     D:1: 820 daAuts
     D:3: 39 daAuts
